 Dungeon Crawl Stone Soup version 0.24-a0-459-g225fefd (webtiles) character file.

Game seed: 1820266503382209967

1271 r3xj the Covert (level 8, 0/44 HPs)
             Began as a Vampire Assassin on June 28, 2019.
             Slain by a wight
             ... wielding a cursed +4 falchion
              (6 damage)
             ... on level 6 of the Dungeon.
             The game lasted 00:27:08 (4870 turns).

r3xj the Covert (Vampire Assassin)                  Turns: 4870, Time: 00:27:09

Health: 0/44       AC:  5    Str: 10    XL:     8   Next: 28%
Magic:  8/8        EV: 12    Int: 13    God:
Gold:   287        SH:  7    Dex: 18    Spells: 5/7 levels left

rFire    . . .     SeeInvis +   o - +2 dagger (venom)
rCold    + + .     Gourm    .   l - +2 buckler
rNeg     + + +     Faith    .   m - +1 robe {rN+}
rPois    ∞         Spirit   .   r - +0 helmet
rElec    .         Reflect  .   c - +0 cloak
rCorr    .         Harm     .   (no gloves)
MR       .....                  (no boots)
Stlth    +++++++...             (no amulet)
HPRegen  0.00/turn              (no ring)
MPRegen  0.11/turn              (no ring)

@: bloodless, regenerating quickly
A: no food, fangs 3, see invisible, unbreathing
a: Bat Form, Revivify


You were on level 6 of the Dungeon.
You were bloodless.

You visited 1 branch of the dungeon, and saw 6 of its levels.

You collected 287 gold pieces.

Inventory:

Hand Weapons
 a - a +2 dagger
 o - a +2 dagger of venom (weapon)
 q - a +3 trident
 u - a +4 quarterstaff of chaos
 w - a +2 mace of protection
 J - a +4 falchion of electrocution
 N - a +1 war axe of draining
Missiles
 d - 21 poisoned darts (quivered)
 e - 7 curare-tipped darts
 I - 62 arrows
Armour
 b - a +0 robe
 c - a +0 cloak (worn)
 l - a +2 buckler (worn)
 m - a +1 robe of positive energy (worn)
 r - a +0 helmet (worn)
 v - a +0 cloak
 L - the +1 cloak of Starlight {rElec rC+ EV+4 Stlth--}
   (You found it on level 5 of the Dungeon)

   It affects your evasion (+4).
   It protects you from cold.
   It insulates you from electricity.
   It makes you much less stealthy.
 M - a +1 leather armour of cold resistance
Jewellery
 y - an uncursed ring of wizardry
 D - a +1 ring of protection {unknown}
 H - an uncursed ring of magical power {unknown}
 O - an uncursed amulet of the gourmand {unknown}
Wands
 p - a wand of random effects (21)
Scrolls
 f - a scroll of fear {unknown}
 h - 8 scrolls of identify {unknown}
 i - a scroll of enchant weapon {unknown}
 j - 2 scrolls of enchant armour {unknown}
 k - 4 scrolls of teleportation
 n - 8 scrolls of remove curse
 A - a scroll of noise {unknown}
 G - a scroll of blinking {unknown}
Potions
 g - 2 potions of degeneration {unknown}
 s - a potion of ambrosia {unknown}
 t - 2 potions of lignification {unknown}
 x - a potion of brilliance {unknown}
 z - 2 potions of resistance {unknown}
 B - a potion of mutation {unknown}
 C - a potion of curing {unknown}
 E - 2 potions of might {unknown}
 F - a potion of haste {unknown}
 K - a potion of berserk rage {unknown}


   Skills:
 - Level 1.7 Fighting
 + Level 7.2 Short Blades
 - Level 1.5 Throwing
 - Level 1.1 Dodging
 + Level 11.2 Stealth
 - Level 4.0 Shields


You had 5 spell levels left.
You knew the following spells:

 Your Spells              Type           Power        Failure   Level  Hunger
a - Sticks to Snakes      Tmut           #.......     43%         2    N/A

Your spell library contained the following spells:

 Spells                   Type           Power        Failure   Level  Hunger
 Beastly Appendage        Tmut           #.....       30%         1    N/A
 Spider Form              Tmut/Pois      #.........   67%         3    N/A
 Ice Form                 Ice/Tmut       #.......     97%         4    N/A
 Blade Hands              Tmut           #.........   100%        5    N/A

Dungeon Overview and Level Annotations

Branches:
Dungeon (6/15)
 Temple: D:4-7

Altars:
Ashenzari
Nemelex Xobeh
Trog
Yredelemnul


Innate Abilities, Weirdness & Mutations

You do not eat.
You do not regenerate when monsters are visible.
You are frail without blood (-20% HP).
You are immune to poison.
You have razor-sharp teeth.
You have supernaturally acute eyesight. (SInv)
You can survive without breathing.


Message History

You hit the wight but do no damage.
The wight is almost destroyed.
You block the wight's attack.
You hit the wight but do no damage.
The wight is almost destroyed.
The wight misses you.
You barely miss the wight.
The wight is almost destroyed.
You hit the wight but do no damage.
The wight is almost destroyed.
The wight hits you with a cursed +1 dire flail!
* * * LOW HITPOINT WARNING * * *
You hit the wight.
You destroy the wight!
Things that are here:
a +0 flail; a +0 leather armour; an orc corpse
Things that are here:
a +0 dagger; an orc corpse The wight hits you with a cursed +4 falchion.
You die...

#......###.####...###
#.>...)'.............
#.....)###...########
#..........### #
#.(.....#### #
#.......# # #.......#
# #....z.## .
#...@..# ########


You could see a wight.

Vanquished Creatures
  Eustachio (D:5)
  2 sky beasts
  An ogre (D:4)
  A wight (D:6)
  2 hounds (D:4)
  3 orc priests
  A jelly (D:5)
  Crazy Yiuf (D:2)
  5 orc wizards
  2 iguanas (D:5)
  Natasha (thrice) (D:2)
  4 worker ants
  A hound skeleton (D:5)
  A howler monkey zombie (D:6)
  Robin (D:2)
  A howler monkey skeleton (D:5)
  7 adders
  4 gnolls
  An ooze (D:1)
  4 worms
  3 dart slugs
  A leopard gecko (D:2)
  20 orcs
  3 bats
  3 giant cockroaches
  10 goblins
  7 hobgoblins
  9 jackals
  6 frilled lizards
  9 kobolds
  A leopard gecko skeleton (D:4)
  4 rats
122 creatures vanquished.

Notes
Turn   | Place    | Note
-------+----------+-------------------------------------------
     0 | D:1      | r3xj the Vampire Assassin began the quest for the Orb.
     0 | D:1      | Reached XP level 1. HP: 16/16 MP: 1/1
     4 | D:1      | Noticed a vine stalker
     4 | D:1      | Noticed a demonspawn
     6 | D:1      | Noticed an octopode
     6 | D:1      | Noticed a dwarf
     8 | D:1      | Noticed a spriggan
     8 | D:1      | Noticed an elf
    10 | D:1      | Noticed a gargoyle
    10 | D:1      | Noticed a ghoul
    12 | D:1      | Noticed an ogre
    12 | D:1      | Noticed a troll
    15 | D:1      | Noticed a tengu
    15 | D:1      | Noticed a human
    17 | D:1      | Noticed a felid
    17 | D:1      | Noticed a demigod
    19 | D:1      | Noticed a vampire
    19 | D:1      | Noticed a formicid
    21 | D:1      | Noticed a naga
    23 | D:1      | Noticed a centaur
    25 | D:1      | Noticed a minotaur
    25 | D:1      | Noticed a merfolk
    27 | D:1      | Noticed a halfling
    27 | D:1      | Noticed a draconian
    42 | D:1      | Reached skill level 6 in Stealth
   299 | D:1      | Reached XP level 2. HP: 22/22 MP: 2/2
   997 | D:2      | Reached XP level 3. HP: 27/27 MP: 3/3
  1006 | D:2      | Found a sparkling altar of Nemelex Xobeh.
  1040 | D:2      | Noticed Natasha
  1041 | D:2      | Killed Natasha
  1041 | D:2      | Reached skill level 7 in Stealth
  1041 | D:2      | Reached skill level 1 in Shields
  1054 | D:2      | Found a runed translucent door.
  1055 | D:2      | Noticed Crazy Yiuf
  1111 | D:2      | Noticed Robin
  1141 | D:2      | Reached XP level 4. HP: 18/33 MP: 4/4
  1151 | D:2      | Killed Robin
  1322 | D:2      | Noticed Natasha
  1333 | D:2      | Killed Natasha
  1363 | D:2      | Reached XP level 5. HP: 35/38 MP: 5/5
  1398 | D:2      | Found a shattered altar of Ashenzari.
  1399 | D:2      | Found a bloodstained altar of Trog.
  1399 | D:2      | Found a basalt altar of Yredelemnul.
  1474 | D:2      | Noticed Natasha
  1479 | D:2      | Killed Natasha
  1659 | D:2      | Killed Crazy Yiuf
  1834 | D:3      | Reached skill level 8 in Stealth
  1879 | D:3      | Upgraded the game from 0.24-a0-458-gfcb5e6d to
                  | 0.24-a0-459-g225fefd
  2036 | D:2      | Reached XP level 6. HP: 26/44 MP: 6/6
  2620 | D:4      | Reached skill level 5 in Short Blades
  2846 | D:4      | Reached skill level 9 in Stealth
  2846 | D:4      | Reached XP level 7. HP: 49/49 MP: 7/7
  3617 | D:5      | Entered Level 5 of the Dungeon
  3716 | D:5      | Learned a level 2 spell: Sticks to Snakes
  4109 | D:5      | Noticed Eustachio
  4139 | D:5      | Killed Eustachio
  4139 | D:5      | Reached skill level 10 in Stealth
  4210 | D:5      | Found the +1 cloak of Starlight {rElec rC+ EV+4 Stlth--}
  4509 | D:5      | Reached XP level 8. HP: 44/44 MP: 8/8
  4809 | D:6      | Reached skill level 11 in Stealth
  4870 | D:6      | Slain by a wight

Levels and vault maps discovered:
D:1:      kb_arrival_jail, layout_loops_ring, minmay_misc_feat_x,
          chequers_serial_rivers_micro_e
D:2:      layout_basic, grunt_temple_overflow_open, grunt_decor_cap,
          nemelex_lonely_heart_becter, uniq_robin, uniq_crazy_yiuf_cottage,
          uniq_natasha
D:3:      layout_rooms, first_ration
D:4:      corexii_shack_village, layout_basic, grunt_decor_one_mirror
D:5:      layout_basic, uniq_eustachio
D:6:      minmay_general_purpose_star, layout_basic, lemuel_temple_firewalk_b

Skill      XL: |  1  2  3  4  5  6  7  8 |
---------------+-------------------------+-----
Stealth        | 6 7 8 9 10 11 | 11.2
Short Blades   | 3 4 5 6 7 |  7.2
Shields        | 1 2 3 4 |  4.0
Fighting       | |  1.7
Throwing       | |  1.5
Dodging        | |  1.1

Action                   |  1- 3 |  4- 6 |  7- 9 || total
-------------------------+-------+-------+-------++-------
Melee: Dagger            |    71 |   174 |   177 ||   422
       Bite              |     8 |    20 |    24 ||    52
 Abil: Exsanguinate      |       |       |     1 ||     1
  Use: Scroll            |       |     2 |       ||     2
 Stab: Sleeping          |     5 |    10 |    10 ||    25
       Distracted        |       |     1 |       ||     1
Armor: Robe              |     6 |    18 |    20 ||    44
Dodge: Dodged            |    24 |    57 |    50 ||   131
Block: Buckler           |     8 |    32 |    39 ||    79

Table legend:
 A = Non-vault XP
 B = Vault XP
 C = Vault XP percentage of total XP
 D = Non-vault monster count
 E = Vault monster count
 F = Vault count percentage of total count
                 A         B        C        D         E       F
            +---------+---------+-------+---------+---------+-------
      Total |    1495 |     321 |  17.7 |     100 |      22 |  18.0
            +---------+---------+-------+---------+---------+-------
        D:1 |      29 |       0 |   0.0 |      13 |       0 |   0.0
        D:2 |     194 |     102 |  34.5 |      23 |      10 |  30.3
        D:3 |     183 |       0 |   0.0 |      22 |       0 |   0.0
        D:4 |     389 |      23 |   5.6 |      20 |      11 |  35.5
        D:5 |     463 |     196 |  29.7 |      16 |       1 |   5.9
        D:6 |     237 |       0 |   0.0 |       6 |       0 |   0.0
            +---------+---------+-------+---------+---------+-------
